Map: Ever Dream LE

Players

BlyOnFire (Bly)

  • Race: Zerg Zerg
  • Spawn Location: 1:00

GunGFuBanDa - Winner!

  • Race: Protoss Protoss
  • League: Master
  • Spawn Location: 7:00

Event: DreamHack SC2 Masters 2020 Summer Europe

VOD

Have the link to the VOD?

Description

Time

  • Played on: July 2, 2020, 1:14 p.m.
  • Length: 13:01

All games in this series

Show
View Real Time Build Order
Export as new Build Order

BlyOnFire Zerg 

Build Orders: Hatch First 

Get SALT Encoding   

  12  0:01  Drone  
  13  0:13  Overlord  
  13  0:18  Drone  
  14  0:31  Drone x2  
  16  0:48  Hatchery  
  15  0:51  Drone  
  15  0:55  Drone  
  17  0:59  Drone  
  18  1:11  Extractor  
  18  1:14  Spawning Pool  
  18  1:16  Drone  
  17  1:21  Drone  
  18  1:28  Drone  
  19  1:47  Drone  
  20  1:54  Hatchery  
  20  1:58  Drone  
  20  2:00  Queen  
  22  2:02  Zergling x2  
  22  2:06  Zergling x2  
  24  2:14  Queen  
  26  2:20  Overlord  
  26  2:26  Drone x2  
  28  2:32  Metabolic Boost  
  28  2:46  Queen, Zergling x2  
  28  2:47  Drone  
  28  2:48  Drone  
  32  3:01  Drone  
  32  3:03  Overlord  
  33  3:07  Spore Crawler  
  33  3:10  Drone x4  
  35  3:21  Drone x3  
  38  3:28  Drone  
  38  3:29  Drone  
  38  3:32  Overlord  
  38  3:33  Drone  
  38  3:34  Drone x2  
  44  3:36  Unknown  
  44  3:39  Queen  
  44  3:40  Overlord  
  45  3:52  Drone  
  45  3:53  Drone x4  
  50  3:58  Overlord  
  50  3:59  Drone  
  51  4:04  Overlord  
  51  4:06  Extractor  
  51  4:07  Roach Warren  
  49  4:12  Drone x4  
  49  4:14  Overlord  
  53  4:26  Zergling x14  
  53  4:30  Overlord  
  60  4:48  Roach  
  60  4:49  Roach x8  
  78  4:56  Roach x4  
  86  5:00  Overlord  
  86  5:01  Roach  
  86  5:04  Spore Crawler  
  86  5:06  Overlord  
  87  5:15  Drone, Overlord  
  87  5:17  Overlord  
  87  5:21  Zergling x10  
  89  5:26  Zergling x2  
  86  5:30  Spore Crawler, Overlord  
  86  5:32  Lair  
  81  5:39  Spore Crawler  
  81  5:41  Spore Crawler  
  77  6:11  Drone x3  
  77  6:12  Drone x5  
  84  6:23  Spawning Pool  
  83  6:33  Extractor  
  83  6:36  Overseer  
  82  6:40  Spire  
  81  6:53  Hatchery  
  72  7:03  Drone  
  72  7:04  Drone x2  
  72  7:05  Glial Reconstitution  
  74  7:33  Drone x3  
  77  7:51  Mutalisk x11  
  77  7:53  Zergling x2  
  77  7:54  Zergling x6  
  77  7:58  Spine Crawler x2  
  101  7:59  Spine Crawler  
  101  8:05  Roach x5  
  110  8:11  Spine Crawler  
  110  8:12  Spine Crawler  
  107  8:13  Ravager  
  108  8:26  Ravager x2  
  106  8:36  Zergling x10  
  106  8:40  Extractor  
  112  8:48  Roach x4  
  116  9:10  Overlord x2  
  116  9:12  Hatchery  
  115  9:28  Drone  
  115  9:30  Overlord  
  102  9:54  Drone x10  
  102  9:55  Drone x2  
  108  10:07  Baneling Nest  
  108  10:10  Hatchery, Drone x3  
  109  10:23  Drone x2  
  109  10:27  Lair  
  111  10:31  Evolution Chamber  
  111  10:35  Ravager x12  
  122  10:37  Drone x7  
  130  10:42  Drone  
  130  10:44  Overlord  
  128  10:53  Zergling x4  
  128  11:18  Zergling x24  
  140  11:21  Baneling x4  
  140  11:23  Overlord  
  138  11:29  Centrifical Hooks  
  138  11:31  Drone  
  138  11:37  Baneling x14  
  137  11:49  Overseer  
  96  12:02  Zergling x34  
  107  12:11  Zergling x14  
  110  12:25  Roach  
  110  12:26  Roach x3  
  95  12:37  Baneling x17  
  94  12:50  Unknown  
Show
View Real Time Build Order
Export as new Build Order

GunGFuBanDa Protoss - Winner!

Build Orders: 1 Gate Expand, Archon Immortal, Mass Adepts 

Get SALT Encoding   

  12  0:00  Probe  
  13  0:12  Probe  
  14  0:17  Pylon  
  14  0:24  Probe  
  15  0:32  Probe  
  15  0:38  Gateway  
  15  0:40  Probe  
  16  0:48  Assimilator  
  17  0:51  Probe  
  18  1:03  Probe  
  19  1:15  Probe  
  20  1:25  Nexus  
  20  1:35  Cybernetics Core  
  20  1:37  Probe  
  21  1:44  Assimilator  
  21  1:49  Probe  
  21  1:53  Pylon  
  22  2:01  Adept, Probe  
  23  2:09  Probe  
  26  2:18  Probe  
  26  2:21  Twilight Council, Warp Gate  
  27  2:23  Stalker  
  27  2:35  Probe  
  30  2:37  Probe  
  31  2:47  Probe  
  31  2:50  Probe  
  33  2:55  Robotics Facility  
  33  2:59  Probe  
  33  3:02  Probe  
  35  3:09  Probe  
  35  3:10  Resonating Glaives  
  36  3:14  Probe  
  36  3:17  Probe  
  37  3:23  Adept  
  37  3:26  Probe  
  37  3:27  Gateway  
  39  3:28  Probe  
  39  3:32  Gateway  
  40  3:36  Warp Prism  
  40  3:38  Gateway  
  42  3:53  Pylon  
  42  4:00  Probe  
  42  4:01  Probe  
  44  4:04  Dark Shrine  
  44  4:09  Assimilator  
  44  4:10  Adept  
  44  4:11  Pylon  
  44  4:13  Probe  
  44  4:14  Probe  
  48  4:25  Probe  
  48  4:29  Adept, Pylon  
  48  4:30  Adept  
  53  4:33  Probe  
  53  4:34  Adept  
  53  4:35  Adept, Assimilator  
  58  4:40  Observer  
  58  4:43  Pylon  
  58  4:44  Probe  
  61  4:45  Probe  
  61  4:58  Adept  
  61  4:59  Adept x3  
  69  5:12  Pylon  
  69  5:19  Dark Templar x2  
  73  5:23  Dark Templar  
  63  5:33  Probe  
  63  5:34  Probe  
  60  5:40  Dark Templar  
  60  5:41  Immortal, Probe  
  59  5:43  Gateway  
  59  5:46  Probe  
  59  5:49  Gateway  
  65  6:00  Sentry  
  65  6:01  Zealot x2  
  65  6:03  Shield Battery  
  71  6:10  Immortal  
  71  6:23  Charge  
  71  6:25  Gateway  
  75  6:37  Probe  
  74  6:40  Immortal  
  77  7:02  Sentry, Zealot  
  77  7:03  Zealot x2  
  77  7:06  Pylon  
  77  7:08  Pylon  
  85  7:11  Forge  
  85  7:13  Probe  
  85  7:14  Immortal  
  86  7:16  Pylon  
  86  7:17  Nexus  
  86  7:18  Pylon  
  86  7:23  Protoss Ground Weapons Level 1  
  86  7:24  Probe  
  86  7:25  Probe  
  86  7:27  Archon  
  92  7:34  Dark Templar  
  92  7:36  Probe  
  95  7:37  Probe  
  95  7:41  Dark Templar x2, Observer  
  100  7:47  Dark Templar  
  100  7:48  Probe  
  100  7:49  Archon  
  100  7:51  Archon  
  103  7:53  Probe  
  103  7:57  Shield Battery  
  104  8:00  Probe  
  104  8:05  Probe  
  106  8:06  Immortal  
  111  8:15  Zealot x3  
  111  8:17  Pylon  
  117  8:25  Stargate  
  116  8:29  Stargate  
  114  8:40  Stalker  
  114  8:41  Stalker x4  
  120  8:53  Probe x2  
  120  8:54  Probe  
  122  9:02  Stalker x2  
  120  9:05  Phoenix  
  120  9:13  Phoenix  
  124  9:18  Probe  
  124  9:19  Probe x2  
  124  9:22  Photon Cannon  
  125  9:31  Probe  
  126  9:35  Probe  
  126  9:38  Stalker x5  
  135  9:42  Protoss Ground Weapons Level 2  
  135  9:43  Probe  
  132  9:47  Probe  
  132  9:48  Probe  
  132  9:51  Probe  
  133  9:59  Probe  
  135  10:00  Zealot x2, Probe  
  135  10:01  Probe  
  135  10:07  Assimilator, Pylon x2  
  141  10:08  Assimilator  
  141  10:13  Photon Cannon  
  141  10:21  Blink  
  141  10:25  Probe  
  141  10:26  Probe x2  
  144  10:30  Dark Templar x2  
  144  10:32  Shield Battery  
  144  10:33  Photon Cannon  
  144  10:34  Zealot x2  
  144  10:35  Archon, Pylon  
  152  10:37  Pylon  
  152  10:54  Immortal  
  152  11:10  Templar Archives  
  156  11:13  Gateway  
  156  11:25  Probe x2  
  158  11:37  Nexus, Probe  
  158  11:38  Dark Templar, Zealot x4, Pylon  
  158  11:39  Zealot x2  
  173  11:41  Immortal  
  171  11:49  Pylon  
  171  11:52  Pylon  
  165  12:09  Stalker x5  
  165  12:10  Stalker x3  
  178  12:20  Pylon  
  154  12:40  Nexus  
  154  12:42  Pylon  
  148  12:52  Stalker  
  148  12:53  Stalker x6  
  148  12:55  Pylon  
Tags
 
Add a new tag
Caveats
  • Supply blocks, unpowered buildings, or Contaminate may cause inaccurate times.
  • Supply counts are checked every 10 seconds.